 Dungeon Crawl Stone Soup version 0.27-a0-522-g46bbb28828 (webtiles) character file.

Game seed: 3777730834160476706

67 kae the Chopper (level 4, -1/41 HPs)
             Began as a Hill Orc Fighter on Mar 4, 2021.
             Slain by an ogre
             ... wielding a +0 giant spiked club
              (16 damage)
             ... on level 2 of the Dungeon.
             The game lasted 00:00:37 (1176 turns).

kae the Chopper (Hill Orc Fighter)                  Turns: 1176, Time: 00:00:38

Health: -1/41      AC:  6    Str: 18 (19) XL:     4   Next: 18%
Magic:  4/4        EV:  7    Int:  7 (8)  God:
Gold:   81         SH: 12    Dex:  9 (10) Spells: 3/3 levels left

rFire    . . .     SeeInvis .   a - +0 war axe
rCold    . . .     Faith    .   c - +0 kite shield
rNeg     . . .     Spirit   .   b - +0 scale mail
rPois    .         Reflect  .   (no helmet)
rElec    .         Harm     .   (no cloak)
rCorr    .         Rampage  .   (no gloves)
Will     .....                  (no boots)
Stlth    ..........             (no amulet)
HPRegen  0.13/turn              (no ring)
MPRegen  0.09/turn              (no ring)

@: no status effects
A: large bone plates 1, deterioration 1, evolution 1
a: no special abilities


You were on level 2 of the Dungeon.
You visited 1 branch of the dungeon, and saw 2 of its levels.

You collected 81 gold pieces.

Inventory:

Hand Weapons
 a - a +0 war axe (weapon)
Armour
 b - a +0 scale mail (worn)
 c - a +0 kite shield (worn)
Jewellery
 j - a ring of flight
Scrolls
 e - 2 scrolls of amnesia {unknown}
 f - a scroll of fog {unknown}
 g - 2 scrolls of identify {unknown}
 h - a scroll of enchant armour {unknown}
 l - a scroll of teleportation {unknown}
 m - a scroll of immolation {unknown}
Potions
 d - a potion of might
 i - 2 potions of degeneration
 k - 2 potions of resistance {unknown}


   Skills:
 + Level 4.5 Fighting
 * Level 5.0 Axes
 - Level 3.2 Armour
 - Level 3.2 Shields


You had 3 spell levels left.
You didn't know any spells.
Your spell library was empty.

Dungeon Overview and Level Annotations

Branches:
Dungeon (2/15)

Altars:


Innate Abilities, Weirdness & Mutations

You are partially covered in large bone plates. (SH +4)
Your body sometimes deteriorates upon taking damage.
You evolve.


Message History

You slash the adder!
You kill the adder!
The hobgoblin hits you with a +0 club.
There are monsters nearby!
There are monsters nearby!
You closely miss the hobgoblin. You block the hobgoblin's attack.
You hit the hobgoblin.
The hobgoblin is severely wounded.
You block the hobgoblin's attack.
There are monsters nearby!
You completely miss the hobgoblin.
The hobgoblin is severely wounded.
You block the hobgoblin's attack. x2
You slash the hobgoblin!
You kill the hobgoblin!
You block the ogre's attack.
Your Axes skill increases to level 5!
There are monsters nearby!
You barely miss the ogre.
The ogre hits you with a +0 giant spiked club!!
Ouch! That really hurt!
You are too injured to fight recklessly!
You are too injured to fight recklessly!
You are too injured to fight recklessly!
There are monsters nearby!
You are too injured to fight recklessly!
You are too injured to fight recklessly!
There are monsters nearby!
You are too injured to fight recklessly!
You are too injured to fight recklessly!
You slash the ogre!
The ogre is heavily wounded.
You block the ogre's attack.
It was a potion of degeneration.
There was something very wrong with that liquid.
You feel weakened.
You feel dopey.
You feel clumsy.
You hit the ogre.
The ogre is severely wounded.
The ogre hits you with a +0 giant spiked club!
You die...

<........#
..†......# #...
†††...(..# ...
.........# ...
.........# ..#
........... #.#
.........## #l#
.........# #O#
##.####### #@#
...########## #.#
............####.#
###########...##.#
###....# ####.#
###


You could see an ogre and a frilled lizard.

Vanquished Creatures
  A gnoll (D:1)
  3 adders (D:2)
  An ooze (D:2)
  A dart slug (D:1)
  5 hobgoblins
  3 kobolds (D:1)
  2 bats
  3 frilled lizards
  5 goblins
  4 rats
28 creatures vanquished.

Notes
Turn   | Place    | Note
-------+----------+-------------------------------------------
     0 | D:1      | kae the Hill Orc Fighter began the quest for the Orb.
     0 | D:1      | Reached XP level 1. HP: 19/19 MP: 1/1
   127 | D:1      | Gained mutation: You evolve. [potion of mutation]
   127 | D:1      | Gained mutation: Your body sometimes deteriorates upon
                  | taking damage. [potion of mutation]
   127 | D:1      | Gained mutation: Armour fits poorly on your strangely
                  | shaped body. [potion of mutation]
   127 | D:1      | Gained mutation: You are partially covered in large bone
                  | plates. (SH +4) [potion of mutation]
   132 | D:1      | Reached skill level 3 in Axes
   250 | D:1      | Reached XP level 2. HP: 27/27 MP: 2/2
   472 | D:1      | Reached skill level 4 in Axes
   472 | D:1      | Reached XP level 3. HP: 13/33 MP: 3/3
   562 | D:1      | Lost mutation: Armour fits poorly on your strangely shaped
                  | body. [evolution]
  1152 | D:2      | Reached XP level 4. HP: 41/41 MP: 4/4
  1165 | D:2      | Noticed an ogre
  1173 | D:2      | Reached skill level 5 in Axes
  1176 | D:2      | Slain by an ogre

Illustrated notes

Levels and vault maps discovered:
D:1:      minmay_arrival_arboretum_small, layout_basic, minmay_split_cup_large
D:2:      lemuel_upstairs_altar, layout_rooms, uniq_crazy_yiuf_cottage

Skill      XL: |  1  2  3  4 |
---------------+-------------+-----
Axes           | 3 4 5 |  5.0
Fighting       | 4 |  4.5
Armour         | |  3.2
Shields        | |  3.2

Action                   |  1- 3 |  4- 6 || total
-------------------------+-------+-------++-------
Melee: War axe           |    65 |     9 ||    74
  Use: Potion            |     1 |     1 ||     2
Armor: Scale mail        |    23 |       ||    23
Dodge: Dodged            |    16 |     1 ||    17
Block: Kite shield       |    52 |     7 ||    59

Table legend: (Time is in decaauts)
 A = Elapsed time spent in this place.
 B = Non-inter-level travel time spent in this place.
 C = Inter-level travel time spent in this place.
 D = Time resting spent in this place.
 E = Time spent auto-exploring this place.
 F = Levels seen in this place.
 G = Mean time per level.
                   A        B        C        D        E       F      G
               +--------+--------+--------+--------+--------+-----+--------+
         Total |   1214 |   1172 |     42 |      0 |    996 |   2 |  607.0 |
       Dungeon |   1214 |   1172 |     42 |      0 |    996 |   2 |  607.0 |
               +--------+--------+--------+--------+--------+-----+--------+

Top non-repeatable levels by time:
     D:1: 1050 daAuts
     D:2: 163 daAuts
